 Seeded DCSS version 0.31-a0-626-g8143ab4f1d (webtiles) character file.

Game seed: 12485923201681380469 (custom seed)

2056 innerfire43 the Grappler (level 9, -3/53 (68) HPs)
             Began as a Gnoll Shapeshifter on Aug 24, 2023.
             Was a Priest of Cheibriados.
             Slain by a wight
             ... wielding a +0 dagger
              (7 damage)
             ... on level 7 of the Dungeon.
             The game lasted 00:10:14 (6515 turns).

innerfire43 the Grappler (Gnoll Shapeshifter)       Turns: 6515, Time: 00:10:14

HP:   -3/53 (68)    AC: 14    Str: 31    XL:     9   Next: 25%
MP:   16/16         EV: 16    Int: 20    God:    Cheibriados [***...]
Gold: 387           SH:  0    Dex: 21    Spells: 16/17 levels left

rFire   . .          .
                       - Unarmed
rCold   . . .        (shield currently unavailable)
rNeg    . . .        o - +4 ring mail
rPois   .            s - +1 helmet
rElec   .            H - +2 cloak
rCorr   .            G - +0 pair of gloves
SInv    .            (no boots)
Will    .....        (no amulet)
Stlth   +            h - +6 ring of strength
HPRegen 0.28/turn    z - +6 ring of intelligence
MPRegen 0.15/turn

%: no passive effects
@: flux-form, hasted, glowing, heavily drained, slow
A: glow, contaminating, fangs 1, strong nose, distributed training, deformed
body
a: Begin Untransformation, Renounce Religion, Bend Time, Temporal Distortion


You were on level 7 of the Dungeon.
You worshipped Cheibriados.
Cheibriados was most pleased with you.
You were something dangerously unstable.
You visited 1 branch of the dungeon, and saw 7 of its levels.
You also visited: Sewer.

You collected 387 gold pieces.

Inventory:

Missiles
 m - a throwing net
Armour
 a - a +0 animal skin
 o - a +4 ring mail (worn)
 s - a +1 helmet (worn)
 G - a +0 pair of gloves (worn)
 H - a +2 cloak (worn)
Jewellery
 h - a +6 ring of strength (left hand)
 z - a +6 ring of intelligence (right hand)
 I - a ring of fire
Talismans
 c - a beast talisman
 d - a flux talisman (active)
 j - a blade talisman
Wands
 t - a wand of iceblast (8)
 y - a wand of light (12)
 E - a wand of digging (8)
Scrolls
 f - 2 scrolls of vulnerability {unknown}
 g - 4 scrolls of teleportation
 i - 2 scrolls of enchant weapon
 k - 3 scrolls of amnesia
 q - a scroll of fog
 u - a scroll of fear {unknown}
 v - 3 scrolls of immolation {unknown}
 x - a scroll of blinking {unknown}
 B - 3 scrolls of identify {unknown}
 F - a scroll of revelation
Potions
 b - a potion of lignification
 e - 3 potions of enlightenment {unknown}
 l - 2 potions of brilliance {unknown}
 n - 2 potions of might {unknown}
 p - a potion of heal wounds {unknown}
 r - 2 potions of degeneration {unknown}
 w - 3 potions of haste


   Skills:
 + Level 5.5 Fighting
 + Level 4.7 Short Blades
 + Level 4.7 Long Blades
 + Level 4.7 Axes
 + Level 4.7 Maces & Flails
 + Level 4.7 Polearms
 + Level 4.7 Staves
 + Level 4.7 Ranged Weapons
 + Level 4.7 Throwing
 + Level 4.7 Armour
 + Level 6.7 Dodging
 + Level 4.7 Stealth
 + Level 4.7 Shields
 + Level 8.2 Unarmed Combat
 + Level 4.7 Spellcasting
 + Level 3.9 Conjurations
 + Level 3.9 Hexes
 + Level 3.9 Summonings
 + Level 3.9 Necromancy
 + Level 3.9 Translocations
 + Level 3.9 Transmutations
 + Level 3.9 Fire Magic
 + Level 3.9 Ice Magic
 + Level 3.9 Air Magic
 + Level 3.9 Earth Magic
 + Level 3.9 Poison Magic
 + Level 5.2 Invocations
 + Level 4.7 Evocations
 + Level 7.9 Shapeshifting


You had 16 spell levels left.
You knew the following spells:

 Your Spells              Type           Power      Damage    Failure   Level
a - Sandblast             Erth           40%        2d10      3%          1

Your spell library contained the following spells:

 Spells                   Type           Power      Damage    Failure   Level
 Slow                     Hex            80%        N/A       3%          1
 Blink                    Tloc           40%        N/A       4%          2
 Lesser Beckoning         Tloc           40%        N/A       4%          2
 Momentum Strike          Conj/Tloc      40%        3d9       4%          2
 Passwall                 Tmut/Erth      16%        N/A       4%          2
 Call Canine Familiar     Summ           20%        N/A       10%         3
 Confusing Touch          Hex            20%        N/A       10%         3
 Vampiric Draining        Necr           20%        2d7       10%         3
 Summon Lightning Spire   Summ/Air       20%        N/A       32%         4
 Summon Mana Viper        Hex/Summ       20%        N/A       65%         5
 Dragon's Call            Summ           10%        N/A       100%        9


Dungeon Overview and Level Annotations

Branches:
Dungeon (7/15)             Temple (0/1) D:6           Sewer (visited)

Altars:
Cheibriados
Elyvilon
Hepliaklqana
Kikubaaqudgha
Ru
Wu Jian
Xom
Zin


Innate Abilities, Weirdness & Mutations

You are something dangerously unstable.
You glow with magical radiation, making you easy to see and hit.
Foes you strike become dangerously contaminated with magical radiation.
You are incapable of wielding weapons or throwing items.
You have very sharp teeth.
Your uncanny sense of smell can sniff out nearby items.
Your experience applies equally to all skills.
Armour fits poorly on your strangely shaped body.


Message History

It was a potion of curing.
You feel better. The wight misses you. The wight hits you but does no damage.
It was a potion of magic.
Magic courses through your body. The wight hits you with a +0 dagger.
* * * LOW HITPOINT WARNING * * *
You feel drained.
* * * LOW HITPOINT WARNING * * *
The wight hits you but does no damage.
The wight hits you from afar with a +1 spear.
* * * LOW HITPOINT WARNING * * *
You feel drained.
* * * LOW HITPOINT WARNING * * *
It was a potion of haste.
You feel yourself speed up.
Cheibriados forgives your accidental hurry, just this once.
The wight hits you with a +0 dagger.
* * * LOW HITPOINT WARNING * * *
You feel drained. The wight misses you. The wight attacks as it pursues you!
The wight closely misses you. The wight attacks as it pursues you!
The wight barely misses you. The wight attacks as it pursues you!
The wight misses you. The wight hits you but does no damage.
The wight attacks as it pursues you! The wight hits you with a +0 dagger.
* * * LOW HITPOINT WARNING * * *
You feel drained.
* * * LOW HITPOINT WARNING * * *
The wight attacks as it pursues you! The wight hits you but does no damage.
The wight attacks as it pursues you! The wight hits you but does no damage.
The wight attacks as it pursues you! The wight misses you.
The wight attacks as it pursues you! The wight hits you but does no damage.
The wight stops glowing.
The wight attacks as it pursues you! The wight barely misses you.
The wight attacks as it pursues you! The wight misses you.
The wight attacks as it pursues you! The wight hits you with a +0 dagger.
* * * LOW HITPOINT WARNING * * *
You feel drained.
* * * LOW HITPOINT WARNING * * *
The wight attacks as it pursues you! The wight closely misses you.
The wight attacks as it pursues you! The wight closely misses you.
The wight hits you with a +0 dagger!
You die...

####z.###### #.# #.# #.#.#
##.z.z..# #.# #.####.#.#
#######.###.#######.#.K..#..
.......zz............K.z....
..........#z#######K..######
..........#z# #.....###
.......)..+.##$.###.#
..........#z#. ...
..........#B# .....
..........#>..# ......K
..........#####.....$..K
#.........K ...........#


You could see 3 wights.

Vanquished Creatures
  An orc warrior (D:6)
  2 ice beasts
  An ogre (D:5)
  2 centaurs
  A phantom (D:7)
  2 kobold brigands (D:7)
  5 scorpions
  4 wights (D:7)
  A jelly (D:6)
  2 hounds
  An iron imp (D:3)
  2 orc priests
  A gnoll bouda (D:6)
  2 iguanas (D:6)
  2 sleepcaps
  Terence (D:2)
  5 orc wizards
  A hell rat (Sewer)
  Robin (D:3)
  7 gnolls (D:6)
  2 river rats (Sewer)
  3 adders
  A shadow imp (D:5)
  A white imp (D:5)
  An ufetubus (D:5)
  A worm (D:2)
  A dart slug (D:3)
  25 orcs
  5 endoplasms
  6 giant cockroaches
  19 hobgoblins
  19 kobolds
  5 quokkas
  5 ball pythons
  5 bats
  A frilled lizard (D:2)
  14 goblins
  11 rats
169 creatures vanquished.

Notes
Turn   | Place    | Note
-------+----------+-------------------------------------------
     0 | D:1      | innerfire43 the Gnoll Shapeshifter began the quest for the
                  | Orb.
     0 | D:1      | Reached XP level 1. HP: 17/17 MP: 1/1
   197 | D:1      | Reached XP level 2. HP: 21/23 MP: 2/2
   629 | D:2      | Reached skill level 5 in Dodging
   629 | D:2      | Reached skill level 7 in Unarmed Combat
   629 | D:2      | Reached XP level 3. HP: 30/30 MP: 2/7
   730 | D:2      | Reached XP level 4. HP: 35/37 MP: 8/8
   956 | D:2      | Noticed Terence
   965 | D:2      | Killed Terence
  1497 | D:3      | Reached XP level 5. HP: 42/42 MP: 9/9
  1660 | D:3      | Noticed Robin
  1677 | D:3      | Killed Robin
  1951 | D:3      | Found a snail-covered altar of Cheibriados.
  1962 | D:3      | Became a worshipper of Cheibriados the Contemplative
  1985 | D:3      | Found a faded altar of an unknown god.
  2160 | D:3      | Found an ornate altar of the Wu Jian Council.
  2160 | D:3      | Found a glowing silver altar of Zin.
  2315 | D:4      | Reached XP level 6. HP: 28/49 MP: 11/11
  2785 | D:4      | Reached XP level 7. HP: 40/55 MP: 12/12
  2785 | D:4      | Reached * piety under Cheibriados
  2871 | D:4      | Found an ancient bone altar of Kikubaaqudgha.
  3059 | D:4      | Found a white marble altar of Elyvilon.
  3509 | D:5      | Entered Level 5 of the Dungeon
  3703 | D:5      | Found a glowing drain.
  3724 | Sewer    | Entered a sewer
  3902 | D:5      | Found a sacrificial altar of Ru.
  4026 | D:5      | Found a shimmering altar of Xom.
  4144 | D:5      | Reached ** piety under Cheibriados
  4181 | D:5      | Reached XP level 8. HP: 32/61 MP: 14/14
  4384 | D:5      | Found a hazy altar of Hepliaklqana.
  4519 | D:5      | Identified a scroll of acquirement
  4519 | D:5      | Acquired the Quarto of Ironbound Summoning
  4523 | D:5      | Learned a level 1 spell: Sandblast
  4625 | D:6      | Found a staircase to the Ecumenical Temple.
  4893 | D:6      | Reached skill level 5 in Fighting
  5951 | D:6      | Reached skill level 8 in Unarmed Combat
  6054 | D:7      | Reached *** piety under Cheibriados
  6141 | D:7      | Reached skill level 5 in Invocations
  6154 | D:7      | Reached XP level 9. HP: 60/68 MP: 15/15
  6494 | D:7      | Gained mutation: Armour fits poorly on your strangely
                  | shaped body. [potion of mutation]
  6508 | D:7      | HP: 2/53 [wight/+0 dagger (2)]
  6515 | D:7      | Slain by a wight

Illustrated notes

Levels and vault maps discovered:
D:1:      lightli_arrival_maybe_door_vault, layout_rooms, kennysheep_nondescript
D:2:      layout_basic, uniq_terence
D:3:      layout_rooms, slow_altar_2, nicolae_overflow_two_pavilions,
          shapermc_ecumenical_altar_hornbeckon, guppyfry_early_lair_pool,
          uniq_robin
D:4:      layout_rooms, mainiacjoe_overflow_six_doors_small,
          mainiacjoe_overflow_alcove_4
D:5:      layout_basic, nicolae_overflow_hidden_temple,
          worldfamousw_hep_ancestral_shrine, nicolae_ru_awakened_eye,
          cheibrodos_sewer_entry_drain, nrook_mini_backslash
D:6:      layout_loops_corners, minmay_temple_entry_statues_fountains
D:7:      cheibrodos_quashed, layout_basic

Skill      XL: |  1  2  3  4  5  6  7  8 |
---------------+-------------------------+-----
Fighting       | 4 5 |  5.5
Short Blades   | 3 4 |  4.7
Long Blades    | 3 4 |  4.7
Axes           | 3 4 |  4.7
Maces & Flails | 3 4 |  4.7
Polearms       | 3 4 |  4.7
Staves         | 3 4 |  4.7
Ranged Weapons | 3 4 |  4.7
Throwing       | 3 4 |  4.7
Armour         | 3 4 |  4.7
Dodging        | 5 6 |  6.7
Stealth        | 3 4 |  4.7
Shields        | 3 4 |  4.7
Unarmed Combat | 7 8 |  8.2
Spellcasting   | 3 4 |  4.7
Conjurations   | 2 3 |  3.9
Hexes          | 2 3 |  3.9
Summonings     | 2 3 |  3.9
Necromancy     | 2 3 |  3.9
Translocations | 2 3 |  3.9
Transmutations | 2 3 |  3.9
Fire Magic     | 2 3 |  3.9
Ice Magic      | 2 3 |  3.9
Air Magic      | 2 3 |  3.9
Earth Magic    | 2 3 |  3.9
Poison Magic   | 2 3 |  3.9
Invocations    | 3 4 5 |  5.2
Evocations     | 3 4 |  4.7
Shapeshifting  | 7 |  7.9

Action                     |  1- 3 |  4- 6 |  7- 9 || total
---------------------------+-------+-------+-------++-------
  Melee: Unarmed           |    63 |   181 |   239 ||   483
         Bite              |    12 |    23 |    27 ||    62
   Cast: Sandblast         |       |       |    36 ||    36
    Use: Potion            |     1 |       |     4 ||     5
         Scroll            |       |       |     8 ||     8
 Armour: Animal skin       |     3 |    26 |       ||    29
         Ring mail         |       |       |   115 ||   115
  Dodge: Dodged            |    46 |   104 |   225 ||   375
   Form: Flux              |     1 |       |       ||     1

Table legend: (Time is in decaauts)
 A = Elapsed time spent in this place.
 B = Non-inter-level travel time spent in this place.
 C = Inter-level travel time spent in this place.
 D = Time resting spent in this place.
 E = Time spent auto-exploring this place.
 F = Levels seen in this place.
 G = Mean time per level.
                   A        B        C        D        E       F      G
               +--------+--------+--------+--------+--------+-----+--------+
         Total |   7861 |   6587 |   1274 |      0 |   5353 |   8 |  982.6 |
       Dungeon |   7679 |   6405 |   1274 |      0 |   5231 |   7 | 1097.0 |
         Sewer |    182 |    182 |      0 |      0 |    122 |   1 |  182.0 |
               +--------+--------+--------+--------+--------+-----+--------+

Top non-repeatable levels by time:
     D:6: 1937 daAuts
     D:5: 1169 daAuts
     D:3: 1135 daAuts
     D:4: 1118 daAuts
     D:2: 1005 daAuts
     D:7: 708 daAuts
     D:1: 605 daAuts
   Sewer: 182 daAuts
